 Dungeon Crawl Stone Soup version 0.29-a0-559-g359e09b9d1 (webtiles) character file.

Game seed: 16362389909950674976

393 mandarbmax the Insei (level 7, -5/59 HPs)
             Began as a Meteoran Transmuter on June 10, 2022.
             Slain by a gnoll
             ... wielding a +0 halberd
              (14 damage)
             ... on level 3 of the Dungeon.
             The game lasted 00:11:23 (1280 turns).

mandarbmax the Insei (Meteoran Transmuter)          Turns: 1280, Time: 00:11:24

Health: -5/59      AC:  2    Str: 13    XL:     7   Next: 30%
Magic:  4/12       EV: 21    Int: 14    God:
Gold:   172        SH:  0    Dex: 21    Spells: 6/12 levels left

rFire   . . .      SeeInvis .     - Unarmed
rCold   . . .      Faith    .   (shield currently unavailable)
rNeg    . . .      Spirit   .   (body armour currently unavailable)
rPois   x          Reflect  .   (helmet currently unavailable)
rElec   .          Harm     .   (cloak currently unavailable)
rCorr   .          Rampage  .   (gloves currently unavailable)
Will    .....                   (boots currently unavailable)
Stlth   +.........              (no amulet)
HPRegen 0.19/turn               (no ring)
MPRegen 0.13/turn               (no ring)

@: spider-form (expiring), glowing
A: venomous fangs, tiny, sense surroundings 1, otherworldly, glowing, explore
regen
a: End Transformation


You were on level 3 of the Dungeon.
You were a venomous arachnid creature.
You visited 1 branch of the dungeon, and saw 3 of its levels.

You collected 172 gold pieces.

Inventory:

Missiles
 f - a throwing net
Armour
 a - a +0 robe (melded)
Magical Staves
 c - a staff of earth
Scrolls
 b - a scroll of teleportation
Potions
 d - a potion of brilliance


   Skills:
 - Level 4.0 Fighting
 + Level 3.0 Dodging
 - Level 6.0 Unarmed Combat
 - Level 3.0 Spellcasting
 - Level 5.0 Transmutations


You had 6 spell levels left.
You knew the following spells:

 Your Spells              Type           Power      Damage    Failure   Level
a - Beastly Appendage     Tmut           32%        N/A       10%         1
b - Wereblood             Tmut           16%        N/A       13%         2
c - Spider Form           Tmut/Pois      9%         N/A       43%         3

Your spell library contained the following spells:

 Spells                   Type           Power      Damage    Failure   Level
 Foxfire                  Conj/Fire      8%         2x1d4     43%         1
 Conjure Flame            Conj/Fire      2%         6-21      75%         3
 Inner Flame              Hex/Fire       2%         N/A       75%         3
 Ice Form                 Ice/Tmut       9%         N/A       78%         4
 Cause Fear               Hex            1%         N/A       98%         4
 Flame Wave               Conj/Fire      2%         2d4       98%         4
 Discord                  Hex            1%         N/A       100%        8


Dungeon Overview and Level Annotations

Branches:
Dungeon (3/15)

Altars:
Uskayaw

Portals:
Abyss: D:3

Annotations:
D:3 2 transporters, DocClef's ghost, amateur GnDe


Innate Abilities, Weirdness & Mutations

You are a venomous arachnid creature.
You have poisonous fangs.
You are tiny and dextrous.
Your spellcasting is less reliable in this form.
Your armour is entirely melded.
You are incapable of wielding weapons or throwing items.
You passively map a small area around you.
You are easily found by Zot.
You glow in the dark.
You regain HP and MP as you explore.


Message History

You hear a shout!
The gnoll closely misses you. The orc hits you with a +0 club.
You bite the orc!
You feel a bit better.
You kill the orc!
Your primal bloodlust has ended.
You hear a shout!
The gnoll completely misses you. The gnoll hits you with a +0 halberd!
* * * LOW HITPOINT WARNING * * *
The gnoll closely misses you.
Things that are here:
a +0 spear; a gnoll corpse You hit the gnoll.
The gnoll is poisoned.
The gnoll is moderately wounded.
The gnoll closely misses you. The gnoll barely misses you.
You hit the gnoll but do no damage.
The gnoll is moderately wounded.
Unknown command.
You hit the gnoll but do no damage.
The gnoll looks as sick as possible!
The gnoll is moderately wounded.
Your transformation is almost over.
The gnoll closely misses you. The gnoll hits you with a +0 halberd!
* * * LOW HITPOINT WARNING * * *
Unknown command.
You hit the gnoll.
The gnoll is almost dead.
You kill the gnoll!
The gnoll misses you.
Training target 4.0 for Fighting reached!
Your Fighting skill increases to level 4!
You need to enable at least one skill for training.
It was a potion of curing.
You feel better. The gnoll hits you with a +0 halberd.
* * * LOW HITPOINT WARNING * * *
The ogre completely misses you.
Okay, then.
You hit the gnoll but do no damage.
The gnoll is poisoned.
A gnoll comes into view. It is wielding a +0 flail.
The gnoll hits you with a +0 halberd!
You die...

...≈≈≈≈≈≈≈≈≈≈≈≈ ≈≈≈≈≈≈....#......
...≈≈≈≈≈≈≈≈≈≈≈ #####≈≈....#......
......)....... #...#≈≈....#......
)''#############...#≈≈....#......
.).#...........#'###≈≈P...#......
.).'........)..).#.≈≈≈....#......
...#...........#)#.≈≈≈....#......
################)#.≈≈≈....#......
, ,, , ,#...oOs#.≈≈≈....#...... ,
, #....g)#.≈≈≈....#...... , *
##'###.#.≈≈≈....#...... , #...
#.#.≈≈≈..P.#...... ** * * #..,
#.#.≈≈≈....####### ,, ,g'.
,#'###≈≈....#
################...#≈≈P...#
†..............#...#≈≈....#
†≈≈≈≈≈≈≈≈≈≈≈≈≈≈#####≈≈....#


You could see an ogre, 2 gnolls and an orc.

Vanquished Creatures
  A howler monkey (D:3)
  2 hounds (D:3)
  Terence (D:2)
  2 orc wizards (D:3)
  14 gnolls (D:3)
  A dart slug (D:1)
  15 orcs (D:3)
  3 endoplasms
  2 giant cockroaches
  3 goblins
  2 hobgoblins
  13 jackals (D:3)
  2 quokkas (D:1)
  3 ball pythons
  2 bats
  2 frilled lizards (D:1)
  3 kobolds
71 creatures vanquished.

Vanquished Creatures (others)
  A fungus (D:3)
  4 plants (D:3)
5 creatures vanquished.

Grand Total: 76 creatures vanquished

Notes
Turn   | Place    | Note
-------+----------+-------------------------------------------
     0 | D:1      | mandarbmax the Meteoran Transmuter began the quest for the
                  | Orb.
     0 | D:1      | Reached XP level 1. HP: 16/16 MP: 5/5
    68 | D:1      | Reached skill level 4 in Unarmed Combat
    90 | D:1      | Reached XP level 2. HP: 19/23 MP: 4/6
   181 | D:1      | Learned a level 2 spell: Wereblood
   253 | D:1      | Reached XP level 3. HP: 28/28 MP: 6/8
   324 | D:2      | Found a hide-covered altar of Uskayaw.
   541 | D:2      | Noticed Terence
   670 | D:2      | Killed Terence
   671 | D:2      | Reached XP level 4. HP: 23/36 MP: 9/9
   682 | D:2      | Learned a level 3 spell: Spider Form
   876 | D:3      | Found a faded altar of an unknown god.
   935 | D:3      | Found a one-way gate to the infinite horrors of the Abyss.
   935 | D:3      | Found a transporter.
   935 | D:3      | Noticed DocClef's ghost (amateur GnDe)
   942 | D:3      | Found a transporter.
   957 | D:3      | Noticed a kobold brigand
  1061 | D:3      | Reached skill level 5 in Unarmed Combat
  1061 | D:3      | Reached XP level 5. HP: 11/41 MP: 1/10
  1064 | D:3      | Reached XP level 6. HP: 11/48 MP: 1/11
  1180 | D:3      | Reached skill level 6 in Unarmed Combat
  1194 | D:3      | Reached skill level 5 in Transmutations
  1219 | D:3      | Reached XP level 7. HP: 15/57 MP: 5/12
  1280 | D:3      | Slain by a gnoll

Illustrated notes

Levels and vault maps discovered:
D:1:      dpeg_arrival_pits, layout_basic
D:2:      layout_basic, basic_altar, minivault_26,
          amcnicky_mini_corridor_feature, minmay_misc_feat_chi, uniq_terence
D:3:      lemuel_castle_with_subvaults [lemuel_castle_interior_carwin_1],
          layout_basic, gammafunk_ghost_abyssal_escape,
          shapermc_ecumenical_altar_mp_ritualfount, kennysheep_cross_bottleneck

Skill      XL: |  1  2  3  4  5  6  7 |
---------------+----------------------+-----
Unarmed Combat | 4 5 6 |  6.0
Spellcasting   | 3 |  3.0
Dodging        | 3 |  3.0
Transmutations | 3 4 5 |  5.0
Fighting       | 2 3 4 |  4.0

Action                   |  1- 3 |  4- 6 |  7- 9 || total
-------------------------+-------+-------+-------++-------
Melee: Unarmed           |    55 |    95 |    26 ||   176
       Kick              |    10 |       |       ||    10
       Headbutt          |     6 |       |       ||     6
       Punch             |     2 |       |       ||     2
 Cast: Beastly Appendage |    13 |       |       ||    13
       Wereblood         |     4 |     7 |     1 ||    12
       Spider Form       |       |    14 |     2 ||    16
  Use: Scroll            |     5 |     1 |       ||     6
       Potion            |     2 |     3 |     1 ||     6
 Stab: Fleeing           |       |     1 |       ||     1
Armor: Robe              |    12 |     3 |       ||    15
       Skin              |       |     8 |       ||     8
Dodge: Dodged            |    27 |   110 |    31 ||   168

Table legend: (Time is in decaauts)
 A = Elapsed time spent in this place.
 B = Non-inter-level travel time spent in this place.
 C = Inter-level travel time spent in this place.
 D = Time resting spent in this place.
 E = Time spent auto-exploring this place.
 F = Levels seen in this place.
 G = Mean time per level.
                   A        B        C        D        E       F      G
               +--------+--------+--------+--------+--------+-----+--------+
         Total |   1267 |   1205 |     62 |     43 |      0 |   3 |  422.3 |
       Dungeon |   1267 |   1205 |     62 |     43 |      0 |   3 |  422.3 |
               +--------+--------+--------+--------+--------+-----+--------+

Top non-repeatable levels by time:
     D:2: 559 daAuts
     D:3: 417 daAuts
     D:1: 291 daAuts
